AoeStats
← KRM Draykon

Black Forest

510377164Analyzed
4v4 RM · 1d ago on Sep 30, 2026· 84m 25s· 8 players
Game mode
Random Map
Map size
Large (8 player)
Population
200
Speed
Normal
Resources
Standard
Victory
Conquest
Starting age
Dark Age
Ending age
Imperial Age
RankedLock teamsTeams togetherTeam positionsShared explorationLock speedFull tech treeHidden civsTurbo modeCheats
Victory
Defeat
🇩🇪 Khmer · Germany
839
+13
🇫🇷 Spanish · France
809
+14
🇲🇽 Britons · Mexico
710
+20
🇹🇷 Byzantines · Türkiye
689
+19
🇿🇦 Byzantines · South Africa
797
-18
🇮🇳 Wei · India
793
-17
🇪🇸 Mongols · Spain
789
-17
🇮🇳 Franks · India
704
-14
HundredEyes
1:11 Loom
10:05 Feudal Age
10:46 Double-Bit Axe
10:42 Horse Collar
20:31 Castle Age
21:47 Wheelbarrow
20:58 Town Watch
24:37 Caravan
26:14 Fletching
26:26 Padded Archer Armor
26:31 Scale Barding Armor
26:38 Forging
29:27 Hand Cart
29:13 Town Patrol
30:17 Fervor
32:23 Bodkin Arrow
32:44 Leather Archer Armor
32:49 Chain Barding Armor
33:06 Iron Casting
32:41 Heavy Plow
32:37 Gold Mining
32:38 Stone Mining
34:08 Masonry
34:19 Ballistics
33:55 Murder Holes
36:38 Imperial Age
36:23 Bloodlines
36:14 Husbandry
36:23 Thumb Ring
37:41 Conscription
36:43 Elite Mangudai
37:55 Drill
37:46 Bracer
38:47 Blast Furnace
37:13 Light Cavalry
38:21 Parthian Tactics
37:57 Hussar
43:31 Chemistry
43:18 Siege Engineers
Sam Gupta
0:27 Loom
13:13 Feudal Age
17:39 Castle Age
17:08 Double-Bit Axe
17:17 Horse Collar
17:44 Town Watch
18:36 Heavy Plow
23:14 Bow Saw
24:21 Stone Mining
24:46 Gold Mining
26:06 Stone Shaft Mining
26:57 Gold Shaft Mining
28:22 Wheelbarrow
29:29 Town Patrol
30:27 Hand Cart
30:28 Tuntian
31:20 Masonry
31:37 Sanctity
31:01 Treadmill Crane
31:18 Murder Holes
31:45 Fortified Wall
33:10 Ballistics
35:25 Imperial Age
33:19 Caravan
33:39 Forging
35:06 Iron Casting
35:17 Husbandry
35:26 Scale Barding Armor
35:54 Bloodlines
36:48 Heavy Hei Guang Cavalry
37:52 Chain Barding Armor
38:35 Blast Furnace
37:58 Conscription
38:54 Chemistry
38:44 Ming Guang Armor
39:27 Crop Rotation
40:12 Light Cavalry
42:17 Hussar
47:07 Fletching
Hondkop
0:27 Loom
12:11 Feudal Age
18:50 Castle Age
17:28 Wheelbarrow
16:38 Horse Collar
16:46 Double-Bit Axe
30:40 Heavy Plow
30:56 Bow Saw
31:02 Caravan
34:30 Imperial Age
32:16 Hand Cart
36:05 Padded Archer Armor
36:05 Scale Mail Armor
36:16 Forging
35:56 Fletching
36:12 Scale Barding Armor
36:32 Ballistics
37:13 Chemistry
36:26 Fortified Wall
36:11 Murder Holes
35:57 Treadmill Crane
37:29 Two-Man Saw
37:01 Crop Rotation
36:43 Elite Varangian Guard
37:46 Conscription
38:12 Pikeman
38:37 Gambesons
38:53 Squires
38:38 Arson
39:28 Gold Mining
39:29 Stone Mining
39:11 Elite Cataphract
40:48 Logistica
40:30 Elite Skirmisher
41:16 Thumb Ring
43:29 Bodkin Arrow
44:09 Iron Casting
43:50 Chain Mail Armor
43:56 Chain Barding Armor
43:51 Leather Archer Armor
43:01 Halberdier
45:17 Hoardings
44:43 Greek Fire
48:22 Plate Mail Armor
47:53 Bracer
48:30 Plate Barding Armor
61:10 Ring Archer Armor
70:57 Husbandry
70:19 Light Cavalry
71:33 Hussar
76:34 Guilds
76:55 Coinage
75:56 Capped Ram
77:15 Siege Ram
SKS
1:25 Loom
13:24 Feudal Age
14:13 Double-Bit Axe
19:35 Castle Age
17:59 Stone Mining
22:11 Bow Saw
23:14 Bow Saw
24:16 Gold Mining
28:27 Gold Shaft Mining
30:00 Ballistics
30:55 Wheelbarrow
30:55 Padded Archer Armor
30:44 Ordonnance Companies
35:19 Imperial Age
34:12 Scale Barding Armor
34:02 Fletching
34:30 Leather Archer Armor
34:34 Caravan
35:20 Bodkin Arrow
37:04 Chemistry
37:02 Conscription
36:02 Elite Throwing Axeman
36:42 Cranequins
37:41 Pikeman
39:15 Heavy Mounted Crossbowman
40:38 Chain Barding Armor
45:53 Halberdier
46:39 Scale Mail Armor
46:49 Forging
52:10 Chain Mail Armor
52:30 Iron Casting
56:07 Light Cavalry
58:10 Cavalier
59:05 Elite Skirmisher
61:50 Paladin
64:24 Plate Barding Armor
64:50 Blast Furnace
sascha.m.89x
1:59 Loom
10:15 Feudal Age
13:27 Feudal Age
14:05 Double-Bit Axe
14:04 Horse Collar
15:32 Wheelbarrow
20:23 Castle Age
18:33 Stone Mining
21:47 Bow Saw
21:40 Heavy Plow
22:20 Stone Shaft Mining
25:26 Gold Mining
27:24 Hand Cart
27:59 Ballistics
29:13 Ballistics
29:59 Gold Shaft Mining
33:54 Imperial Age
32:18 Caravan
34:49 Scale Barding Armor
35:08 Conscription
34:59 Padded Archer Armor
34:49 Fletching
36:24 Chemistry
37:21 Crop Rotation
37:37 Elite Skirmisher
39:56 Bodkin Arrow
40:18 Leather Archer Armor
40:23 Chain Barding Armor
40:40 Siege Engineers
41:08 Bracer
43:28 Bloodlines
43:18 Husbandry
43:28 Elite Battle Elephant
44:49 Plate Barding Armor
44:25 Forging
44:46 Ring Archer Armor
45:09 Fortified Wall
45:31 Tusk Swords
47:27 Iron Casting
47:24 Ring Archer Armor
51:21 Blast Furnace
60:37 Elite Ballista Elephant
61:18 Double Crossbow
KRM Draykon
13:43 Feudal Age
14:46 Horse Collar
14:56 Double-Bit Axe
17:05 Gold Mining
20:15 Castle Age
23:12 Bloodlines
23:03 Husbandry
23:53 Wheelbarrow
23:05 Loom
25:04 Forging
25:21 Heavy Plow
27:38 Bow Saw
27:25 Town Watch
28:17 Caravan
29:01 Stone Mining
29:52 Hand Cart
29:49 Scale Barding Armor
30:20 Iron Casting
31:47 Town Patrol
32:10 Chain Barding Armor
35:07 Imperial Age
37:04 Two-Man Saw
36:45 Stone Shaft Mining
36:53 Plate Barding Armor
37:19 Blast Furnace
36:46 Cavalier
38:50 Paladin
42:40 Conscription
56:21 Murder Holes
56:37 Masonry
70:49 Fletching
71:00 Padded Archer Armor
73:07 Elite Conquistador
74:54 Bodkin Arrow
75:15 Leather Archer Armor
76:27 Bracer
77:02 Ring Archer Armor
80:25 Ballistics
81:06 Chemistry
spawn
0:33 Loom
11:17 Feudal Age
14:32 Double-Bit Axe
14:59 Horse Collar
17:10 Gold Mining
23:46 Castle Age
22:51 Stone Mining
25:00 Bow Saw
29:02 Wheelbarrow
30:36 Hand Cart
32:51 Caravan
35:28 Imperial Age
33:15 Heavy Plow
33:55 Fortified Wall
35:04 Treadmill Crane
35:37 Scale Barding Armor
35:50 Forging
36:33 Gold Shaft Mining
35:41 Elite Cataphract
37:07 Crop Rotation
38:38 Two-Man Saw
38:53 Iron Casting
38:39 Chain Barding Armor
39:48 Ballistics
40:29 Chemistry
40:54 Logistica
41:36 Plate Barding Armor
43:04 Scale Mail Armor
43:54 Murder Holes
47:01 Guard Tower
52:36 Squires
52:22 Arson
52:48 Pikeman
54:06 Halberdier
55:08 Chain Mail Armor
54:51 Elite Varangian Guard
65:40 Plate Mail Armor
wigfunk
0:27 Loom
13:55 Feudal Age
21:40 Castle Age
21:17 Wheelbarrow
20:45 Double-Bit Axe
30:01 Town Watch
30:51 Hand Cart
32:21 Elite Skirmisher
32:22 Crossbowman
33:37 Fletching
33:48 Padded Archer Armor
37:43 Imperial Age
35:35 Bodkin Arrow
35:56 Leather Archer Armor
36:59 Pikeman
37:39 Squires
37:26 Arson
38:07 Yeomen
37:40 Horse Collar
38:11 Bow Saw
38:30 Town Patrol
37:54 Elite Longbowman
40:13 Two-Man Saw
39:16 Heavy Plow
39:17 Bracer
40:12 Ring Archer Armor
40:06 Ballistics
39:29 Treadmill Crane
40:01 Fortified Wall
40:03 Masonry
41:09 Warwolf
41:47 Hoardings
41:33 Conscription
40:43 Onager
41:48 Forging
41:02 Halberdier
42:40 Guard Tower
43:22 Architecture
42:58 Siege Engineers
45:52 Iron Casting
45:18 Scale Mail Armor
48:13 Chain Mail Armor
48:59 Blast Furnace
47:58 Murder Holes
48:15 Caravan
50:42 Plate Mail Armor
51:38 Scale Barding Armor
51:21 Arrowslits
52:39 Chemistry
51:22 Capped Ram
56:03 Light Cavalry
58:57 Chain Barding Armor
59:14 Keep
61:47 Guilds
62:08 Coinage
63:05 Arbalester
65:35 Plate Barding Armor
65:36 Banking
Connection lost

Rejoining the realm…

Still unreachable

The connection could not be restored.

Session expired

The server has moved on; the page needs a fresh start.